 Dungeon Sprint DCSS version 0.20-a0-640-g62ed22f (webtiles) character file.

272 esc the Tainter (level 9, 67/67 HPs)
             Began as an Octopode Venom Mage on Feb 12, 2017.
             Was a Priest of Sif Muna.
             Got out of the dungeon alive.
             The game lasted 00:12:08 (810 turns).

esc the Tainter (Octopode Venom Mage)                Turns: 810, Time: 00:12:09

Health: 67/67      AC: -1    Str:  6    XL:     9   Next: 7%
Magic:  21/21      EV: 19    Int: 29    God:    Sif Muna [***...]
Gold:   240        SH:  0    Dex: 15    Spells: 9/24 levels left

rFire    + + +     SeeInvis .   (no weapon)
rCold    + + +     Gourm    .   (no shield)
rNeg     + . .     Faith    .   (helmet restricted)
rPois    +         Spirit   .   p - amulet "Xetukh" {Inacc rPois Int+6}
rElec    +         Reflect  .   n - ring of Viblef {+Blink rElec rPois rC+ MR+}
rCorr    +         Harm     .   o - ring "Qyxtihiro" {*Slow rPois rN+ MR++ Stlth-}
MR       ++++.     NoTele   +   m - ring "Nixageix" {rCorr *Slow rC+++ Dex+6 Slay+3}
Stlth    ++........             s - ring "Ankirghig" {*Drain rElec rPois AC-2 Str+3} (curse)
Regen    0.3/turn               t - ring of Scepticism {Wiz rElec rF+ Str-5}
MPRegen  0.2/turn               u - ring of Koseedesch {rF+ rC+ MR+ Int+3 Dex-3}
                                f - ring of Zenneyp {rPois rF+}
                                (no ring)

@: no status effects
A: almost no armour, stealthy swim, amphibious, 8 rings, constrict 8, camouflage
1, gelatinous body 1
a: Divine Energy, Channel Magic, Renounce Religion, Evoke Blink


You escaped.
You worshipped Sif Muna.
Sif Muna was most pleased with you.
You were not hungry.

You visited 1 branch You collected 600 gold pieces.
You spent 360 gold pieces at shops.

Inventory:

Jewellery
 f - the ring of Zenneyp (on tentacle) {rPois rF+}
   (You bought it in a shop in the Dungeon)

   [ring of protection from fire]

   It protects you from fire.
   It protects you from poison.
 m - the ring "Nixageix" (on tentacle) {rCorr *Slow rC+++ Dex+6 Slay+3}
   (You bought it in a shop in the Dungeon)

   [ring of resist corrosion]

   It affects your dexterity (+6).
   It affects your accuracy and damage with ranged weapons and melee attacks
   (+3).
   It renders you almost immune to cold.
   It may slow you when you take damage.
 n - the ring of Viblef (left tentacle) {+Blink rElec rPois rC+ MR+}
   (You bought it in a shop in the Dungeon)

   [ring of poison resistance]

   It protects you from cold.
   It insulates you from electricity.
   It protects you from poison.
   It affects your resistance to hostile enchantments.
   It lets you blink.
 o - the ring "Qyxtihiro" (right tentacle) {*Slow rPois rN+ MR++ Stlth-}
   (You bought it in a shop in the Dungeon)

   [ring of loudness]

   It protects you from poison.
   It protects you from negative energy.
   It affects your resistance to hostile enchantments.
   It may slow you when you take damage.
   It makes you less stealthy.
 p - the amulet "Xetukh" (around mantle) {Inacc rPois Int+6}
   (You bought it in a shop in the Dungeon)

   [amulet of inaccuracy]

   It reduces the accuracy of all your attacks.
   It affects your intelligence (+6).
   It protects you from poison.
 s - the cursed ring "Ankirghig" (on tentacle) {*Drain rElec rPois AC-2 Str+3}
   (You bought it in a shop in the Dungeon)

   [ring of protection]

   It affects your AC (-2).
   It affects your strength (+3).
   It insulates you from electricity.
   It protects you from poison.
   It causes draining when unequipped.
   It has a curse placed upon it.
 t - the ring of Scepticism (on tentacle) {Wiz rElec rF+ Str-5}
   (You bought it in a shop in the Dungeon)

   [ring of wizardry]

   It improves your spell success rate.
   It affects your strength (-5).
   It protects you from fire.
   It insulates you from electricity.
 u - the ring of Koseedesch (on tentacle) {rF+ rC+ MR+ Int+3 Dex-3}
   (You bought it in a shop in the Dungeon)

   [ring of protection from magic]

   It affects your intelligence (+3).
   It affects your dexterity (-3).
   It protects you from fire.
   It protects you from cold.
   It affects your resistance to hostile enchantments.
Wands
 i - a wand of acid (0/15)
   (You found it in the Dungeon)
 j - a wand of iceblast (0/15)
   (You found it in the Dungeon)
 r - a wand of digging (7/24)
   (You took it off Pikel in the Dungeon)
Scrolls
 h - 4 scrolls of blinking {!r}
 k - 3 scrolls of fog
Potions
 c - a potion of curing
 d - 4 potions of heal wounds
 e - 3 potions of haste
 l - a potion of resistance
Books
 a - a Young Poisoner's Handbook
Comestibles
 b - a bread ration {@e1}


   Skills:
 + Level 8.6 Fighting
 + Level 8.9 Dodging
 - Level 2.6 Stealth
 + Level 8.1 Spellcasting
 + Level 8.7 Conjurations
 + Level 10.9 Poison Magic
 + Level 5.1 Invocations


You had 9 spell levels left.
You knew the following spells:

 Your Spells              Type           Power        Failure   Level  Hunger
a - Sting                 Conj/Pois      ####         1%          1    None
b - Poisonous Vapours     Pois/Air       #####.       1%          2    None
c - Olgreb's Toxic Radia  Pois           ######..     1%          4    #......
d - Venom Bolt            Conj/Pois      ######....   1%          5    ####...
x - Mephitic Cloud        Conj/Pois/Air  #####...     1%          3    None


Dungeon Overview and Level Annotations

Branches:
Dungeon (1/1)

Altars:
Cheibriados
Dithmenos
Fedhas
Gozag
Kikubaaqudgha
Makhleb
Okawaru
Qazlal
Ru
Sif Muna
Trog
Uskayaw
Vehumet
Xom
Yredelemnul
Zin
The Shining One
Beogh
Jiyva
Lugonu

Shops:
D *[%??*?*:[((!!!!

Annotations:
D Lernaean hydra


Innate Abilities, Weirdness & Mutations

You cannot wear most types of armour.
You are very stealthy in the water. (Stealth+)
You are amphibious.
You can wear up to eight rings at the same time.
You can use your tentacles to constrict eight enemies at once.
Your skin changes colour to match your surroundings (Stealth+).
Your rubbery body absorbs attacks. (AC +1, EV +1)


Message History

Your Invocations skill increases to level 5!
You have reached level 9!
Your experience leads to an increase in your attributes!
Your base attributes are Str 8, Int 19, Dex 12.
Increase (S)trength, (I)ntelligence, or (D)exterity?
You feel clever.
The iceblast engulfs the vampire bat.
You destroy the vampire bat!
Sif Muna accepts your kill.
This wand has 0 charges left.
A vampire bat comes into view.
Health restored: 67; MP restored: 21
Okay, then.
A vampire bat comes into view.
The vampire bat moves out of view.
The vampire bat completely misses you. The vampire bat bites you.
The vampire bat draws strength from your injuries!
You take 3 damage, and have 64/67 hp.
The vampire bat completely misses you. The vampire bat misses you.
The vampire bat misses you. The vampire bat bites you.
You take 3 damage, and have 61/67 hp. 50...
The vampire bat barely misses you. The vampire bat completely misses you.
Aim: a vampire bat The bolt of acid misses the vampire bat.
The bolt of acid hits the vampire bat.
The vampire bat is splashed with acid.
You destroy the vampire bat!
Sif Muna accepts your kill.
This wand has 0 charges left.
The vampire bat misses you.
Okay, then.
Okay, then.
Unknown command.
Okay, then.
Unknown command.
Okay, then.
Unknown command.
You can't see any susceptible monsters within range! (Use Z to cast anyway.)
The vampire bat closely misses you.
Okay, then.
Unknown command.
Unknown command.
Really quaff
g - a potion of berserk rage {!q}?
A red film seems to cover your vision as you go berserk!
You feel yourself moving faster!
You feel mighty! The vampire bat completely misses you.
You now have 93/100 hp.
You barely miss the vampire bat. You grab the vampire bat.
You squeeze the vampire bat. You constrict the vampire bat.
The vampire bat completely misses you.
The vampire bat escapes!
The vampire bat completely misses you.
You tentacle-slap the vampire bat.
You destroy the vampire bat!
Sif Muna accepts your kill.
Victory!
Score multiplier: 5x You now have 272 arena points (gained 140).
You now have 240 gold pieces (gained 200).
You feel a strong urge to attack something.
You start resting.
You feel your anger subside.
You are no longer berserk.
You pass out from exhaustion.
You feel yourself slow down.
You can move again.
You now have 64/67 hp.
You start resting.
Health restored: 67
There is an entrance to Nuehuulit's Advanced Armour here.
You start waiting.
You feel yourself speed up.
You start waiting.
All of the chunks of flesh in your inventory have rotted away.
You feel less exhausted.
Get ready!
There is an entrance to Aghigh's Bee Food here.
There is a radiant altar of Vehumet here.
ROUND 5!
BOSS ROUND!
You sense a tension in the south.
There is a basalt altar of Yredelemnul here.
There is a shadowy altar of Dithmenos here.
There is a sacrificial altar of Ru here.
There is an iron altar of Okawaru here.
There is an ancient bone altar of Kikubaaqudgha here.
There is an entrance to Ipulamaqu's Magic Scroll Shop here.
You start waiting.
A swamp dragon comes into view.
Okay, then.
Unknown command.
Okay, then.
Okay, then.
An alligator comes into view.
The swamp dragon roars deafeningly!
The swamp dragon breathes poison at you.
The 27-headed Lernaean hydra comes into view.
The 27-headed Lernaean hydra moves out of view.
A spiny frog comes into view.
The spiny frog completely misses you. The spiny frog barely misses you.
There is a staircase leading out of the dungeon here.
Are you sure you want to leave the Dungeon?
This will make you lose the game! The spiny frog closely misses you.
You have escaped!

#_........# ###.§.......###
#⌠....§......⌠#
######.8...D.....8.######
##∩___.....§###.......__∩##
###∩........8.# #.8........∩###
##.......t.....###D............##
#⌠..........###...##...........⌠#
#⌠..........# #.@.#............⌠#
#⌠..........###F....#..........⌠#
##.............##..............##
###∩........8.#...8........∩###
##∩___........[......___∩##
######.8.........8.######
#⌠.....).....⌠# ###.....[...###
#_......._#


You could see a swamp dragon and a spiny frog.

Vanquished Creatures
  A queen ant (D)
  Pikel (D)
  A yak (D)
  2 crocodiles (D)
  6 vampire bats (D)
  A hell rat (D)
  Ijyb (D)
  4 worker ants (D)
  2 river rats (D)
  2 goblins (D)
  A hobgoblin (D)
22 creatures vanquished.

Notes
Turn   | Place    | Note
-------+----------+-------------------------------------------
     0 | D        | esc the Octopode Venom Mage began the quest for the Orb.
     0 | D        | Reached XP level 1. HP: 11/11 MP: 3/3
     1 | D        | Found a shadowy altar of Dithmenos.
     1 | D        | Found a sacrificial altar of Ru.
     2 | D        | Found a basalt altar of Yredelemnul.
     2 | D        | Found an iron altar of Okawaru.
     3 | D        | Found a radiant altar of Vehumet.
     3 | D        | Found a deep blue altar of Sif Muna.
     4 | D        | Found Aghigh's Bee Food.
     4 | D        | Found a blossoming altar of Fedhas.
     4 | D        | Found a snail-covered altar of Cheibriados.
     4 | D        | Found Rybo Raz's Identification Station.
     5 | D        | Found Lunuylos's Jewellery.
     5 | D        | Found Nuehuulit's Advanced Armour.
     5 | D        | Round 1.
    13 | D        | Bought a sparkling glass ring for 45 gold pieces
    13 | D        | Bought a fine platinum ring for 45 gold pieces
    13 | D        | Bought a smoking turquoise ring for 45 gold pieces
    13 | D        | Bought a wavering platinum amulet for 45 gold pieces
    13 | D        | Identified the amulet "Xetukh" {Inacc rPois Int+6} (You bought it in a shop in the Dungeon)
    14 | D        | Identified the ring of Viblef {+Blink rElec rPois rC+ MR+} (You bought it in a shop in the Dungeon)
    15 | D        | Identified the ring "Qyxtihiro" {*Slow rPois rN+ MR++ Stlth-} (You bought it in a shop in the Dungeon)
    16 | D        | Identified the ring "Nixageix" {rCorr *Slow rC+++ Dex+6 Slay+3} (You bought it in a shop in the Dungeon)
    19 | D        | Noticed a worker ant
    24 | D        | Found a burning altar of Makhleb.
    27 | D        | Found a roughly hewn altar of Beogh.
    29 | D        | Found a glowing golden altar of the Shining One.
    29 | D        | Found Fisud's Premium Goods.
    29 | D        | Found Aceqiaje's Miscellaneous Merchandise.
    30 | D        | Found Idonuts's Basic Armour.
    31 | D        | Found a corrupted altar of Lugonu.
    31 | D        | Found Teotear's Weapon Rack.
    33 | D        | Killed a worker ant
    33 | D        | Reached skill level 2 in Fighting
    33 | D        | Reached skill level 3 in Dodging
    33 | D        | Reached skill level 2 in Conjurations
    33 | D        | Reached skill level 4 in Poison Magic
    33 | D        | Reached XP level 2. HP: 6/19 MP: 0/5
    37 | D        | Noticed a queen ant
    37 | D        | Learned a level 2 spell: Poisonous Vapours
    39 | D        | Found a glowing silver altar of Zin.
    40 | D        | Found a shimmering altar of Xom.
    41 | D        | Found an opulent altar of Gozag.
    42 | D        | Found Muipt's Do-It-Yourself Clinic.
    43 | D        | Found Xuocun Mich's Bottled Wisdom.
    43 | D        | Found Xif Tupa's Distillery.
    43 | D        | Found a hide-covered altar of Uskayaw.
    43 | D        | Found a viscous altar of Jiyva.
    43 | D        | Found Habacria's Distillery.
    49 | D        | Found a bloodstained altar of Trog.
    75 | D        | HP: 4/19 [queen ant (5)]
    85 | D        | Found an ancient bone altar of Kikubaaqudgha.
    85 | D        | Found a stormy altar of Qazlal.
    87 | D        | Found Ipulamaqu's Magic Scroll Shop.
    87 | D        | Found Jusublal's Staff Store.
    88 | D        | Found Maliamn's Magic Scroll Shop.
    88 | D        | Found Satoegg's Must-Have Magic.
   128 | D        | Killed a queen ant
   128 | D        | Reached skill level 7 in Fighting
   128 | D        | Reached skill level 7 in Dodging
   128 | D        | Reached skill level 6 in Spellcasting
   128 | D        | Reached skill level 7 in Conjurations
   128 | D        | Reached skill level 9 in Poison Magic
   128 | D        | Reached XP level 3. HP: 11/32 MP: 0/11
   128 | D        | Reached XP level 4. HP: 13/38 MP: 0/12
   128 | D        | Reached XP level 5. HP: 15/43 MP: 0/14
   128 | D        | Reached XP level 6. HP: 17/49 MP: 0/15
   128 | D        | Reached XP level 7. HP: 19/54 MP: 0/17
   151 | D        | Became a worshipper of Sif Muna the Loreminder
   196 | D        | Arena points: 12 (+12) [x2]
   196 | D        | Reached skill level 1 in Invocations
   207 | D        | Learned a level 3 spell: Mephitic Cloud
   212 | D        | Learned a level 4 spell: Olgreb's Toxic Radiance
   218 | D        | Learned a level 5 spell: Venom Bolt
   224 | D        | Round 2.
   304 | D        | Noticed Pikel
   305 | D        | Noticed Ijyb
   318 | D        | Killed Ijyb
   318 | D        | Reached * piety under Sif Muna
   343 | D        | Killed Pikel
   343 | D        | Reached skill level 8 in Fighting
   343 | D        | Reached skill level 8 in Dodging
   343 | D        | Reached skill level 7 in Spellcasting
   343 | D        | Reached skill level 8 in Conjurations
   343 | D        | Reached skill level 10 in Poison Magic
   343 | D        | Reached skill level 3 in Invocations
   343 | D        | Reached XP level 8. HP: 59/61 MP: 0/19
   350 | D        | Arena points: 48 (+36) [x3]
   389 | D        | Bought a pitted pewter ring for 45 gold pieces
   389 | D        | Bought a vibrating copper ring for 45 gold pieces
   389 | D        | Identified the cursed ring "Ankirghig" {*Drain rElec rPois AC-2 Str+3} (You bought it in a shop in the Dungeon)
   390 | D        | Identified the ring of Scepticism {Wiz rElec rF+ Str-5} (You bought it in a shop in the Dungeon)
   426 | D        | Round 3.
   449 | D        | Reached ** piety under Sif Muna
   475 | D        | Reached skill level 4 in Invocations
   483 | D        | Noticed a yak
   504 | D        | Killed a yak
   535 | D        | Arena points: 132 (+84) [x4]
   545 | D        | Bought a transparent granite ring for 45 gold pieces
   545 | D        | Bought a glittering golden ring for 45 gold pieces
   545 | D        | Identified the ring of Koseedesch {rF+ rC+ MR+ Int+3 Dex-3} (You bought it in a shop in the Dungeon)
   546 | D        | Identified the ring of Zenneyp {rPois rF+} (You bought it in a shop in the Dungeon)
   579 | D        | Round 4.
   624 | D        | Reached *** piety under Sif Muna
   624 | D        | Reached skill level 8 in Spellcasting
   680 | D        | Reached skill level 5 in Invocations
   680 | D        | Reached XP level 9. HP: 67/67 MP: 21/21
   695 | D        | Arena points: 272 (+140) [x5]
   745 | D        | Round 5.
   798 | D        | Noticed a swamp dragon
   799 | D        | Noticed an alligator
   803 | D        | Noticed the 27-headed Lernaean hydra
   806 | D        | Noticed a spiny frog
   810 | D        | Got out of the dungeon alive.

Vault maps used:
D:        arena_sprint

Skill      XL: |  1  2  3  4  5  6  7  8 |
---------------+-------------------------+-----
Fighting       | 2 7 8 |  8.6
Dodging        | 3 7 8 |  8.9
Conjurations   | 2 7 8 |  8.7
Poison Magic   | 4 9 10 | 10.9
Spellcasting   | 6 7 8 |  8.1
Invocations    | 3 5 |  5.1
Stealth        | |  2.6

Action                   |  1- 3 |  4- 6 |  7- 9 || total
-------------------------+-------+-------+-------++-------
Melee: Unarmed           |       |       |     4 ||     4
       Constrict         |       |       |     2 ||     2
       Tentacles         |       |       |     2 ||     2
 Cast: Sting             |    10 |       |    26 ||    36
       Poisonous Vapours |       |       |     8 ||     8
       Mephitic Cloud    |       |       |     6 ||     6
       Olgreb's Toxic Ra |       |       |     2 ||     2
       Venom Bolt        |       |       |     1 ||     1
Evoke: Wand              |     4 |       |     6 ||    10
  Use: Potion            |     1 |       |     3 ||     4
Dodge: Dodged            |     1 |       |    24 ||    25

Vault maps used:
D:        arena_sprint

Table legend:
 A = Turns spent in this place as a percentage of turns spent in the entire game.
 B = Non-inter-level travel turns spent in this place as a percentage of non-inter-level travel turns spent in the entire game.
 C = Inter-level travel turns spent in this place as a percentage of turns spent in this place.
 D = Turns resting spent in this place as a percentage of non-inter-level travel turns spent in this place.
 E = Turns spent auto-exploring this place as a percentage of non-inter-level travel turns spent in this place.
 F = Non-inter-level travel turns spent in this place divided by the number of levels of this place that you've seen.
                   A       B       C       D       E      F
               +-------+-------+-------+-------+-------+----------------------
         Total | 100.0 | 100.0 |   0.0 |   3.8 |   0.3 | 658.0
       Dungeon | 100.0 | 100.0 |   0.0 |   3.8 |   0.3 | 658.0
               +-------+-------+-------+-------+-------+----------------------

Table legend:
 A = Kills in this place as a percentage of kills in entire the game.
 B = Kills by you in this place as a percentage of kills by you in the entire game.
 C = Kills by friends in this place as a percentage of kills by friends in the entire game.
 D = Other kills in this place as a percentage of other kills in the entire game.
 E = Experience gained in this place as a percentage of experience gained in the entire game.
 F = Experience gained in this place divided by the number of levels of this place that you have seen.
                   A       B       C       D       E      F
               +-------+-------+-------+-------+-------+----------------------
         Total | 100.0 | 100.0 |  -nan |  -nan | 100.0 | 2531.0
       Dungeon | 100.0 | 100.0 |  -nan |  -nan | 100.0 | 2531.0
               +-------+-------+-------+-------+-------+----------------------
